AoeStats
← agnesnqn

Arabia

507808577Analyzed
1v1 RM · 13d ago on Sep 19, 2026· 43m 35s· 2 players
Game mode
Random Map
Map size
Tiny (2 player)
Population
200
Speed
Normal
Resources
Standard
Victory
Conquest
Starting age
Dark Age
Ending age
Imperial Age
RankedLock teamsTeams togetherTeam positionsShared explorationLock speedFull tech treeHidden civsTurbo modeCheats
Victory
Defeat
🇦🇷 Wei · Argentina
658
+16
🇨🇴 Japanese · Colombia
654
-16
NikolastrA
5:19 Loom
12:53 Feudal Age
13:32 Double-Bit Axe
13:10 Man-at-Arms
13:53 Horse Collar
21:42 Gold Mining
24:21 Stone Mining
24:26 Fletching
27:14 Castle Age
25:06 Town Watch
25:31 Padded Archer Armor
25:41 Forging
27:00 Scale Barding Armor
28:03 Bodkin Arrow
27:53 Elite Skirmisher
28:54 Leather Archer Armor
28:10 Pikeman
28:50 Squires
30:52 Gold Shaft Mining
32:11 Husbandry
agnesnqn
2:14 Loom
10:15 Feudal Age
11:17 Double-Bit Axe
11:20 Horse Collar
13:04 Forging
13:17 Forging
16:44 Bloodlines
20:55 Castle Age
19:12 Fletching
20:14 Gold Mining
21:15 Stone Mining
22:42 Bow Saw
23:15 Bloodlines
24:21 Thumb Ring
24:14 Bodkin Arrow
25:26 Gold Shaft Mining
27:03 Padded Archer Armor
27:31 Ballistics
28:04 Leather Archer Armor
28:39 Wheelbarrow
30:00 Iron Casting
36:30 Hand Cart
36:46 Scale Barding Armor
39:17 Imperial Age
40:13 Chain Barding Armor
40:46 Husbandry
42:23 Heavy Hei Guang Cavalry
Connection lost

Rejoining the realm…

Still unreachable

The connection could not be restored.

Session expired

The server has moved on; the page needs a fresh start.